 Dungeon Crawl Stone Soup version 0.28.0 (webtiles) character file.

Game seed: 5596665162484623333

247 browni3141 the Skirmisher (level 5, -2/72 HPs)
             Began as a Minotaur Berserker on Feb 10, 2022.
             Was a Believer of Trog.
             Slain by a sky beast (6 damage)
             ... on level 5 of the Dungeon.
             The game lasted 00:01:15 (1293 turns).

browni3141 the Skirmisher (Minotaur Berserker)      Turns: 1293, Time: 00:01:16

Health: -2/72      AC:  9    Str: 24    XL:     5   Next: 85%
Magic:  4/4        EV:  9    Int:  4    God:    Trog [**....]
Gold:   80         SH:  0    Dex:  9    Spells: 4/4 levels left

rFire   . . .      SeeInvis .   h - +2 hand axe (freeze)
rCold   . . .      Faith    .   (no shield)
rNeg    . . .      Spirit   .   g - +0 chain mail
rPois   .          Reflect  .   (helmet restricted)
rElec   .          Harm     .   (no cloak)
rCorr   .          Rampage  .   (no gloves)
Will    .....                   (no boots)
Stlth   ..........              (no amulet)
HPRegen 0.22/turn               (no ring)
MPRegen 0.09/turn               (no ring)

@: berserking (expiring), very quick
A: horns 2, retaliatory headbutt
a: Renounce Religion, Berserk, Trog's Hand


You were on level 5 of the Dungeon.
You worshipped Trog.
Trog was pleased with you.
You visited 1 branch of the dungeon, and saw 5 of its levels.

You collected 80 gold pieces.

Inventory:

Hand Weapons
 a - a +0 hand axe
 h - a +2 hand axe of freezing (weapon)
Armour
 b - a +0 animal skin
 g - a +0 chain mail (worn)
Scrolls
 c - a scroll of enchant armour {unknown}
 e - 3 scrolls of identify {unknown}
Potions
 d - a potion of degeneration {unknown}
 f - a potion of magic {unknown}


   Skills:
 + Level 5.0 Fighting
 + Level 5.0 Axes
 + Level 4.2 Armour
 + Level 3.8 Dodging


You had 4 spell levels left.
You didn't know any spells.
Your spell library was empty.

Dungeon Overview and Level Annotations

Branches:
Dungeon (5/15)
 Temple: D:4-7

Altars:

Shops:
D:1 *   D:4 =


Innate Abilities, Weirdness & Mutations

You have a pair of horns on your head.
You reflexively headbutt those who attack you in melee.


Message History

You are poisoned.
The adder poisons you! Something hits you. Something shocks you.
Unknown command.
A red film seems to cover your vision as you go berserk!
You feel yourself moving faster!
You feel mighty!
You feel sick.
The adder bites you. x2; Something hits you but does no damage.
You miss something. You barely miss the adder. The adder barely misses you.
You barely miss something. You closely miss the adder.
You feel sick. Something hits you. Something shocks you.
The adder bites you but does no damage.
You slash something! You freeze something. You closely miss the adder.
You feel sick. Something hits you but does no damage.
The adder barely misses you. You furiously retaliate!
You headbutt the adder! You slash something! You freeze something.
Your punch misses something. You slash the adder!
The adder seems to slow down.
You freeze the adder.
You kill the adder!
Trog accepts your kill.
You feel sick. Something hits you but does no damage.
You miss something. Your headbutt misses something. You miss something.
Your headbutt misses something.
You feel sick.
You are no longer poisoned.
Something hits you but does no damage.
You hit something. You freeze something. Something hits you.
Something shocks you.
* * * LOW HITPOINT WARNING * * *
You barely miss something. You closely miss something. Something hits you.
* * * LOW HITPOINT WARNING * * *
Something shocks you.
* * * LOW HITPOINT WARNING * * *
You completely miss something. Something hits you but does no damage.
You barely miss something. Something hits you.
* * * LOW HITPOINT WARNING * * *
Something shocks you.
* * * LOW HITPOINT WARNING * * *
You miss something. You barely miss something. Your headbutt misses something.
Something hits you.
* * * LOW HITPOINT WARNING * * *
Something shocks you.
You die...

.........#
########.#
#<# #.#
###.########
#..........#
##.#.#####.#
#.###{.....#
#..#@###.#.#
#.#..#
#.>....#
#.........
#......###.#
#...[.(.
.......##
........#
##...$..(.


There were no monsters in sight!

Vanquished Creatures
  An ogre (D:4)
  A howler monkey (D:4)
  2 orc wizards (D:3)
  A hound skeleton (D:4)
  2 adders
  An ufetubus (D:4)
  4 orcs (D:3)
  A bat (D:3)
  3 endoplasms
  4 giant cockroaches
  3 goblins (D:1)
  4 hobgoblins
  4 kobolds
  2 quokkas
  4 rats (D:1)
37 creatures vanquished.

Vanquished Creatures (others)
  5 toadstools (D:1)
5 creatures vanquished.

Grand Total: 42 creatures vanquished

Notes
Turn   | Place    | Note
-------+----------+-------------------------------------------
     0 | D:1      | browni3141 the Minotaur Berserker began the quest for the
                  | Orb.
     0 | D:1      | Reached XP level 1. HP: 19/19 MP: 0/0
   417 | D:1      | Reached XP level 2. HP: 27/27 MP: 1/1
   418 | D:1      | Found Uriopsoc's General Store.
   743 | D:3      | Reached ** piety under Trog
   796 | D:3      | Reached XP level 3. HP: 33/33 MP: 2/2
   911 | D:3      | Reached XP level 4. HP: 40/40 MP: 3/3
   994 | D:4      | Noticed an ogre
  1000 | D:4      | Killed an ogre
  1001 | D:4      | Reached XP level 5. HP: 33/47 MP: 4/4
  1227 | D:4      | Reached skill level 5 in Fighting
  1248 | D:4      | Found Nahiyluk's Jewellery Boutique.
  1256 | D:4      | Reached skill level 5 in Axes
  1260 | D:5      | Entered Level 5 of the Dungeon
  1270 | D:5      | Noticed a sky beast
  1293 | D:5      | Slain by a sky beast

Illustrated notes

Levels and vault maps discovered:
D:1:      saegor_arrival_simple_a, layout_basic, serial_shops,
          nicolae_diamond_shop, minmay_gold_behind_fungi
D:2:      layout_rooms, minmay_fountain_box, grunt_ministairs_11
D:3:      layout_loops_ring, ebering_ecumenical_altar_sacrificial
D:4:      layout_cave_pods, serial_shops, nicolae_stop_n_shop_2
D:5:      layout_loops_ring, serial_shops, shop_fountains, nicolae_shop_stone,
          gup_sewer_entry_spiral, hangedman_decor_diamond_cutter,
          ebering_dispersal_statue_hall

Skill      XL: |  1  2  3  4  5 |
---------------+----------------+-----
Fighting       | 4 5 |  5.0
Axes           | 4 5 |  5.0
Armour         | 3 4 |  4.2
Dodging        | 3 |  3.8

Action                   |  1- 3 |  4- 6 || total
-------------------------+-------+-------++-------
Melee: Hand axe          |    39 |    33 ||    72
       Headbutt          |     9 |     2 ||    11
Invok: Berserk           |     1 |     2 ||     3
 Stab: Sleeping          |     1 |       ||     1
Armor: Animal skin       |     5 |       ||     5
       Chain mail        |     9 |    23 ||    32
Dodge: Dodged            |    25 |     8 ||    33
